 Dungeon Sprint DCSS version 0.21-a0-417-g0adc95b (webtiles) character file.

10 Kidiri the Ruffian (level 2, -2/25 HPs)
             Began as a Draconian Transmuter on Nov 3, 2017.
             Killed by nerve-wracking pain
             ... invoked by Jessica
              (13 damage)
             ... in the Dungeon (Sprint III: "The Ten Rune Challenge").
             The game lasted 00:01:01 (33 turns).

Kidiri the Ruffian (Draconian Transmuter)             Turns: 33, Time: 00:01:02

Health: -2/25      AC:  4    Str: 12    XL:     2   Next: 10%
Magic:  2/5        EV: 12    Int: 13    God:
Gold:   0          SH:  0    Dex: 11    Spells: 2/5 levels left

rFire    . . .     SeeInvis .     - Unarmed
rCold    . . .     Gourm    .   (no shield)
rNeg     . . .     Faith    .   (armour unavailable)
rPois    .         Spirit   .   (helmet restricted)
rElec    .         Reflect  .   (no cloak)
rCorr    .         Harm     .   (no gloves)
MR       .....     NoTele   +   (boots currently unavailable)
Stlth    +.........             (no amulet)
HPRegen  0.08/turn              (no ring)
MPRegen  0.09/turn              (no ring)

@: appendage (expiring)
A: unfitting armour, talons 3, cold-blooded, AC +4
a: End Transformation


You were in the Dungeon.
You were not hungry.
You had grown temporary talons.
You visited 1 branch

Inventory:

Missiles
 a - 11 arrows
Scrolls
 i - a scroll of blinking
Potions
 d - a potion of curing
 e - 3 potions of heal wounds
 f - a potion of haste
 g - 2 potions of magic
 h - a potion of berserk rage
Books
 b - a book of Changes

   Spells                             Type                      Level
   a - Beastly Appendage              Transmutation                1
   b - Sticks to Snakes               Transmutation                2
   c - Spider Form                    Transmutation/Poison         3
   d - Ice Form                       Ice/Transmutation            4
   e - Blade Hands                    Transmutation                5
Comestibles
 c - a bread ration


   Skills:
 * Level 2.4 Fighting
 + Level 2.1 Dodging
 + Level 1.1 Stealth
 * Level 3.5 Unarmed Combat
 + Level 2.3 Spellcasting
 * Level 2.7 Transmutations


You had 2 spell levels left.
You knew the following spells:

 Your Spells              Type           Power        Failure   Level  Hunger
a - Beastly Appendage     Tmut           #.....       8%          1    #......
b - Sticks to Snakes      Tmut           #.......     12%         2    ###....


Dungeon Overview and Level Annotations

Branches:
Dungeon (1/1)

Altars:

Annotations:
D Jessica


Innate Abilities, Weirdness & Mutations

Your plain brown scales are hard. (AC +4)
You cannot fit into any form of body armour.
You are cold-blooded and may be slowed by cold attacks.
You have claws for feet.


Message History

You are too injured to fight recklessly!
You are too injured to fight recklessly!
Unknown command.
Casting: Beastly Appendage
Confirm with . or Enter, or press ? or * to list all spells.
You create a snake!
You now have 11 arrows.
Unknown command.
Unknown command.
Unknown command.
Unknown command.
Unknown command.
You closely miss Jessica. Jessica hits you but does no damage.
Your ball python misses Jessica.
Your ball python grabs Jessica.
Your ball python constricts Jessica.
You barely miss Jessica. You tail-slap Jessica.
Jessica is moderately wounded.
Jessica casts a spell at you. Pain shoots through your body!
Ouch! That really hurt!
You die...

▓▓▓▓
▓<.#
▓..#
▓#'####
▓.....#
▓.....#
▓...S@#
▓####@#
▓=...†#
▓.....#
▓.....#
▓+#####


You could see Jessica and a friendly ball python.

Vanquished Creatures
  2 oozes (D)
  A rat (D)
3 creatures vanquished.

Notes
Turn   | Place    | Note
-------+----------+-------------------------------------------
     0 | D        | Kidiri the Draconian Transmuter began the quest for the Orb.
     0 | D        | Reached XP level 1. HP: 16/16 MP: 3/3
    10 | D        | Reached skill level 1 in Stealth
    10 | D        | Reached XP level 2. HP: 25/25 MP: 3/5
    22 | D        | Learned a level 2 spell: Sticks to Snakes
    28 | D        | Noticed Jessica
    33 | D        | Killed from afar by Jessica

Vault maps used:
D:        dungeon_sprint_mu

Skill      XL: |  1 |
---------------+----+-----
Fighting       | 2 |  2.4
Dodging        | 2 |  2.1
Stealth        | 1 |  1.1
Unarmed Combat | |  3.5
Spellcasting   | |  2.3
Transmutations | |  2.7

Action                   || total
-------------------------++-------
Melee: Unarmed           ||     9
       Kick              ||     4
       Tailslap          ||     2
 Cast: Beastly Appendage ||     2
       Sticks to Snakes  ||     1
Armor: Skin              ||     2
Dodge: Dodged            ||     4

Table legend:
 A = Spawn XP
 B = Non-spawn XP
 C = Spawn XP percentage of total XP
 D = Spawn monster count
 E = Non-spawn monster count
 F = Spawn count percentage of total count
 G = Total turns spent on level
                    A         B        C        D         E        F      G
               +---------+---------+-------+---------+---------+-------+---------
         Total |       0 |      15 |   0.0 |       0 |       3 |   0.0 |    33
               +---------+---------+-------+---------+---------+-------+---------
             D |       0 |      15 |   0.0 |       0 |       3 |   0.0 |    33
               +---------+---------+-------+---------+---------+-------+---------
